 Dungeon Crawl Stone Soup version 0.29-a0-330-g52719c12eb (webtiles) character file.

Game seed: 433502437812051932

3223 tilp the Frost Mage (level 9, 41/41 HPs)
             Began as a Felid Ice Elementalist on Apr 20, 2022.
             Was a Believer of Vehumet.
             Quit the game on level 10 of the Dungeon.
             The game lasted 00:20:14 (12849 turns).

tilp the Frost Mage (Felid Ice Elementalist)       Turns: 12849, Time: 00:20:14

Health: 41/41      AC:  2    Str:  4    XL:     9   Next: 66%
Magic:  17/17      EV: 20    Int: 21    God:    Vehumet [**....]
Gold:   692        SH:  0    Dex: 23    Spells: 5/18 levels left
                                        Lives:  1   Deaths: 2

rFire   . . .      SeeInvis +     - Unarmed
rCold   . . .      Faith    +   (shield unavailable)
rNeg    . . .      Spirit   .   (body armour unavailable)
rPois   +          Reflect  .   (helmet unavailable)
rElec   .          Harm     .   (cloak unavailable)
rCorr   .          Rampage  .   (gloves unavailable)
Will    ++...                   (boots unavailable)
Stlth   ++++......              s - amulet of faith
HPRegen 0.13/turn               e - ring of Meavah {rPois Will+ Dex+6}
MPRegen 0.15/turn               o - ring of flight

@: flying, quick
A: very small, claws 1, fangs 3, see invisible, speed 1, shaggy fur 2, stealthy
paws, no weapons or thrown items, no armour, multi-lived
a: Renounce Religion


You were on level 10 of the Dungeon.
You worshipped Vehumet.
Vehumet was pleased with you.
You visited 2 branches of the dungeon, and saw 11 of its levels.

You collected 692 gold pieces.

Inventory:

Jewellery
 e - the ring of Meavah (left paw) {rPois Will+ Dex+6}
   (You took it off a hobgoblin on level 3 of the Dungeon)

   [ring of dexterity]

   Dex:       It affects your dexterity (+6).
   rPois:     It protects you from poison.
   Will:      It increases your willpower.
 o - a ring of flight (right paw)
 s - an amulet of faith (around neck)
Wands
 d - a wand of iceblast (22)
 m - a wand of polymorph (9)
 p - a wand of flame (28)
Scrolls
 j - 5 scrolls of teleportation
 q - 2 scrolls of fog
 t - a scroll of identify
Potions
 a - a potion of magic
 b - 3 potions of flight
 c - 3 potions of berserk rage
 f - 4 potions of curing
 g - 4 potions of attraction
 h - 2 potions of brilliance
 i - 3 potions of mutation
 k - 3 potions of haste
 l - a potion of cancellation
 n - a potion of ambrosia
 r - a potion of might


   Skills:
 + Level 6.1 Fighting
 + Level 4.2 Dodging
 + Level 6.2 Stealth
 * Level 2.4 Unarmed Combat
 - Level 5.0 Spellcasting
 - Level 8.0 Conjurations
 - Level 2.0 Hexes
 - Level 8.0 Ice Magic
 * Level 6.2 Evocations


You had 5 spell levels left.
You knew the following spells:

 Your Spells              Type           Power      Damage    Failure   Level
a - Freeze                Ice            100%       1d11      1%          1
b - Frozen Ramparts       Ice            76%        1d9       1%          3
c - Ozocubu's Armour      Ice            38%        N/A       1%          3
d - Hailstorm             Conj/Ice       38%        3d9       4%          4
e - Searing Ray           Conj           76%        2d7       1%          2

Your spell library contained the following spells:

 Spells                   Type           Power      Damage    Failure   Level
 Stone Arrow              Conj/Erth      44%        3d9       6%          3
 Magic Dart               Conj           100%       1d8       1%          1
 Ensorcelled Hibernation  Hex/Ice        52%        N/A       1%          2
 Animate Skeleton         Necr           10%        N/A       11%         1
 Pain                     Necr           20%        1d5       11%         1
 Mephitic Cloud           Conj/Pois/Air  16%        N/A       11%         3
 Call Imp                 Summ           5%         N/A       16%         2
 Spider Form              Tmut/Pois      5%         N/A       32%         3
 Vampiric Draining        Necr           5%         2d6       32%         3
 Anguish                  Hex/Necr       4%         N/A       56%         4


Dungeon Overview and Level Annotations

Branches:
Dungeon (10/15)            Temple (1/1) D:5            Lair (0/6) D:8
    Orc: D:9-12

Altars:
Ashenzari
Cheibriados
Dithmenos
Elyvilon
Fedhas
Gozag
Kikubaaqudgha
Makhleb
Nemelex Xobeh
Okawaru
Qazlal
Ru
Sif Muna
Trog
Uskayaw
Vehumet
Wu Jian
Xom
Yredelemnul
Zin
The Shining One

Annotations:
D:3 2 runed translucent doors, initializr's ghost, weakling DrWz
D:7 2 transporters, Sapher's ghost, novice DjTm
D:8 Gastronok
D:9 exclusions: centaur and 3 more exclusions


Innate Abilities, Weirdness & Mutations

You have sharp claws.
You have razor-sharp teeth.
You have supernaturally acute eyesight. (SInv)
You cover ground quickly. (Speed+)
You are covered in thick fur. (AC +2)
Your paws help you pounce on unaware monsters.
You are incapable of wielding weapons or throwing items.
You cannot wear armour.
You gain extra lives every three experience levels.


Message History

Things that are here:
a yak corpse; a yak corpse You see here a yak corpse.
You now have 682 gold pieces (gained 14).
You now have 692 gold pieces (gained 10).
t - a scroll of identify An acid dragon comes into view.
An acid dragon is nearby!
An acid dragon is nearby!
Found an escape hatch in the ceiling.
The acid dragon spits acid at you. The splash of acid hits you!!
Ouch! That really hurt!
You are too injured to fight recklessly!
Casting: Searing Ray (safe; 1% risk of failure)
Confirm with . or Enter, or press ? or * to list all spells.
Aiming: Freeze (safe; 1% risk of failure)
Press: ? - help, Shift-Dir - straight line, f - acid dragon
Aim: an acid dragon You freeze the acid dragon!
The acid dragon is moderately wounded.
The acid dragon misses you. The acid dragon closely misses you.
Unknown command.
Casting: Freeze (safe; 1% risk of failure)
Confirm with . or Enter, or press ? or * to list all spells.
Aiming: Freeze (safe; 1% risk of failure)
Press: ? - help, Shift-Dir - straight line, f/p - acid dragon
Aim: an acid dragon (moderately wounded)
You freeze the acid dragon.
The acid dragon is heavily wounded.
The acid dragon spits acid at you. The splash of acid hits you!!
Ouch! That really hurt!
You die...
You are now level 9!
You rejoin the land of the living...
There's something in the way.
Unknown command.
Unknown command.
Are you sure you want to abandon this character and quit the game? (Confirm with "yes".)

#.# ...# ###. #.# #.### #. #.#
###+####### ### ###.####
#.........# #.. .......#
#.........# #.. .....>.#
#.........# ###.. .......#
#...).....# ##.... .......#
#.........# #..#.. .......#
#@........###.##.. .......#
####.[.......##..##(.
.......######..'.........##.###..
..............##.........'..# #..
.......#########.........#### #..
######## ########### ###


There were no monsters in sight!

Vanquished Creatures
  2 two-headed ogres
  Pikel (D:4)
  A wyvern (D:8)
  7 yaks (D:10)
  A steam dragon (D:3)
  Edmund (D:5)
  An acid dragon (D:8)
  A water moccasin (D:8)
  Duvessa (D:4)
  2 ice beasts
  A black bear (D:6)
  An ogre (D:6)
  3 centaurs
  A phantom (D:6)
  9 kobold brigands
  3 necrophages
  4 bullfrogs
  Blork the orc (D:4)
  3 scorpions
  Dowan (D:4)
  3 killer bees
  6 howler monkeys
  A crimson imp (D:6)
  4 hounds
  2 orc priests
  Ijyb (D:5)
  2 iguanas (D:5)
  6 orc wizards
  11 adders
  4 gnolls (D:4)
  A shadow imp (D:7)
  An adder zombie (D:2)
  An adder skeleton (D:2)
  A worm (D:4)
  35 orcs
  2 bats
  A bat skeleton (D:2)
  A bat zombie (D:2)
  9 endoplasms
  4 giant cockroaches
  2 goblins
  5 hobgoblins
  6 jackals
  38 kobolds
  7 ball pythons
  A ball python skeleton (D:2)
  A ball python zombie (D:2)
  2 frilled lizards
  4 jackal skeletons (D:2)
  A quokka skeleton (D:2)
  3 rats
211 creatures vanquished.

Vanquished Creatures (others)
  A fungus (D:8)
  51 plants
  9 withered plants (D:2)
61 creatures vanquished.

Grand Total: 272 creatures vanquished

Notes
Turn   | Place    | Note
-------+----------+-------------------------------------------
     0 | D:1      | tilp the Felid Ice Elementalist began the quest for the
                  | Orb.
     0 | D:1      | Reached XP level 1. HP: 7/7 MP: 4/4
   657 | D:1      | Reached XP level 2. HP: 12/12 MP: 4/6
  1412 | D:2      | Reached skill level 1 in Fighting
  1749 | D:2      | Reached XP level 3. HP: 15/15 MP: 5/7
  1756 | D:2      | Learned a level 3 spell: Frozen Ramparts
  2528 | D:2      | Found a faded altar of an unknown god.
  2550 | D:2      | Learned a level 3 spell: Ozocubu's Armour
  2584 | D:3      | Reached XP level 4. HP: 6/19 MP: 2/8
  3267 | D:3      | Noticed a steam dragon
  3282 | D:3      | Killed a steam dragon
  3282 | D:3      | Engulfed by a cloud of steam
  3283 | D:3      | Reached XP level 3. HP: 0/16 MP: 0/8
  3283 | D:3      | Reached skill level 5 in Ice Magic
  3283 | D:3      | Reached XP level 4. HP: 19/19 MP: 9/9
  3283 | D:3      | Reached XP level 5. HP: 22/22 MP: 10/10
  3298 | D:3      | Identified the ring of Meavah {rPois Will+ Dex+6}
  3509 | D:3      | Found a large runed translucent door.
  3509 | D:3      | Found a large runed translucent door.
  3510 | D:3      | Noticed initializr's ghost (weakling DrWz)
  3888 | D:3      | Learned a level 2 spell: Ensorcelled Hibernation
  3954 | D:4      | Noticed Blork the orc
  3961 | D:4      | Killed Blork the orc
  3962 | D:4      | Gained mutation: You are covered in thick fur. (AC +2)
                  | [Felid growth]
  3962 | D:4      | Reached XP level 6. HP: 9/26 MP: 2/11
  4685 | D:4      | Noticed Dowan
  4705 | D:4      | Killed Dowan
  4706 | D:4      | Reached skill level 1 in Unarmed Combat
  4706 | D:4      | Reached skill level 1 in Evocations
  4773 | D:4      | Noticed Duvessa
  4997 | D:4      | Noticed Pikel
  5004 | D:4      | Killed Pikel
  5005 | D:4      | Reached XP level 7. HP: 30/32 MP: 2/12
  5086 | D:4      | Found a blossoming altar of Fedhas.
  5312 | D:4      | Killed Duvessa
  5313 | D:4      | Reached skill level 5 in Stealth
  5313 | D:4      | Reached XP level 8. HP: 32/36 MP: 3/13
  5790 | D:5      | Entered Level 5 of the Dungeon
  5798 | D:5      | Found a staircase to the Ecumenical Temple.
  5809 | Temple   | Entered the Ecumenical Temple
  6017 | Temple   | Became a worshipper of Vehumet
  6072 | D:5      | Learned a level 4 spell: Hailstorm
  6085 | D:5      | Noticed Ijyb
  6160 | D:5      | Noticed Edmund
  6177 | D:5      | Killed Edmund
  6178 | D:5      | Reached skill level 1 in Conjurations
  6893 | D:5      | Killed Ijyb
  6992 | D:6      | Found an opulent altar of Gozag.
  7733 | D:6      | Reached XP level 9. HP: 36/40 MP: 7/15
  7742 | D:6      | Reached skill level 5 in Evocations
  8423 | D:6      | Reached * piety under Vehumet
  8423 | D:6      | Offered knowledge of Foxfire by Vehumet.
  8427 | D:6      | Reached skill level 5 in Fighting
  8651 | D:7      | Found a transporter.
  8652 | D:7      | Found a transporter.
  8793 | D:7      | Noticed Sapher's ghost (novice DjTm)
 10651 | D:8      | Noticed a two-headed ogre
 10663 | D:8      | Killed a two-headed ogre
 10664 | D:8      | Reached skill level 5 in Conjurations
 10961 | D:8      | Noticed Gastronok
 10990 | D:8      | Reached XP level 10. HP: 45/45 MP: 10/18
 11087 | D:8      | Found a shimmering blue altar of Sif Muna.
 11120 | D:8      | Reached skill level 5 in Spellcasting
 11290 | D:8      | Reached ** piety under Vehumet
 11290 | D:8      | Offered knowledge of Searing Ray by Vehumet.
 11385 | D:8      | Found a staircase to the Lair.
 11659 | D:7      | Learned a level 2 spell: Searing Ray
 11935 | D:9      | Noticed a two-headed ogre
 11955 | D:9      | Killed a two-headed ogre
 12427 | D:10     | Entered Level 10 of the Dungeon
 12639 | D:10     | Offered knowledge of Stone Arrow by Vehumet.
 12848 | D:10     | Killed from afar by an acid dragon
 12849 | D:10     | Reached XP level 9. HP: -1/41 MP: 16/17
 12849 | D:10     | Quit the game

Illustrated notes

Levels and vault maps discovered:
D:1:      dpeg_arrival_rhombus, layout_loops_cross
D:2:      layout_basic, serial_undead, serial_undead_b, serial_undead_c,
          serial_undead_f, serial_undead_b, serial_undead_f, serial_undead_b,
          serial_undead_c, serial_undead_e,
          hellmonk_ecumenical_altar_inner_sanctum, minivault_23
D:3:      layout_rooms, ebering_ghost_disaster_area, minmay_snake_closets
D:4:      layout_basic, fedhas_altar_4, serial_bayou, serial_bayou_lake_a,
          serial_bayou_shore_a, serial_bayou_lagoon_b, serial_bayou_lagoon_a,
          uniq_pikel, uniq_duvessa, uniq_blork_the_orc
D:5:      layout_rooms, minmay_temple_entry_antechambers, uniq_edmund, uniq_ijyb
D:6:      layout_gridville, grunt_gozag_breadcrumbs,
          chequers_serial_rivers_micro_c, minmay_chambers_of_fives
D:7:      layout_layer_cave, gammafunk_ghost_hive
D:8:      layout_rooms, nicolae_sif_muna_little_library, dpeg_oklobed_lair,
          minmay_checkerbox, uniq_gastronok
D:9:      nicolae_whirlpool, layout_rooms
D:10:     layout_roguey, beargit_hepliaklqana_dungeon_heroes,
          minmay_misc_feat_tiny
Temple:   hc_temple_tempest_star

Skill      XL: |  1  2  3  4  5  6  7  8  9 10 |
---------------+-------------------------------+-----
Ice Magic      | 4 5 6 7 8 |  8.0
Fighting       | 1 2 4 5 6 |  6.1
Spellcasting   | 3 4 5 |  5.0
Hexes          | 2 |  2.0
Stealth        | 4 5 6 |  6.2
Dodging        | 4 |  4.2
Unarmed Combat | 2 |  2.4
Evocations     | 3 4 6 |  6.2
Conjurations   | 3 5 8 |  8.0

Action                   |  1- 3 |  4- 6 |  7- 9 | 10-12 || total
-------------------------+-------+-------+-------+-------++-------
Melee: Unarmed           |    77 |    26 |   142 |    35 ||   280
       Bite              |     7 |     4 |    15 |    10 ||    36
       Punch             |       |       |     4 |     3 ||     7
 Cast: Freeze            |    33 |    27 |    45 |    18 ||   123
       Frozen Ramparts   |     1 |    22 |    27 |    12 ||    62
       Ozocubu's Armour  |       |     5 |    24 |     7 ||    36
       Hailstorm         |       |       |    13 |    12 ||    25
       Searing Ray       |       |       |       |     2 ||     2
Evoke: Wand              |       |       |     5 |       ||     5
  Use: Scroll            |     5 |     5 |     5 |     6 ||    21
       Potion            |       |       |     1 |       ||     1
 Stab: Sleeping          |     8 |     9 |    15 |     4 ||    36
       Distracted        |     1 |       |       |       ||     1
Armor: Skin              |     8 |     3 |    32 |     6 ||    49
Dodge: Dodged            |   110 |    37 |   141 |    52 ||   340

Table legend: (Time is in decaauts)
 A = Elapsed time spent in this place.
 B = Non-inter-level travel time spent in this place.
 C = Inter-level travel time spent in this place.
 D = Time resting spent in this place.
 E = Time spent auto-exploring this place.
 F = Levels seen in this place.
 G = Mean time per level.
                   A        B        C        D        E       F      G
               +--------+--------+--------+--------+--------+-----+--------+
         Total |  11669 |  11229 |    440 |   1462 |   8127 |  11 | 1060.8 |
       Dungeon |  11494 |  11079 |    415 |   1462 |   7987 |  10 | 1149.4 |
        Temple |    175 |    150 |     25 |      0 |    139 |   1 |  175.0 |
               +--------+--------+--------+--------+--------+-----+--------+

Top non-repeatable levels by time:
     D:7: 1864 daAuts
     D:4: 1762 daAuts
     D:3: 1256 daAuts
     D:1: 1255 daAuts
     D:6: 1249 daAuts
     D:2: 1114 daAuts
     D:5: 1071 daAuts
     D:8: 870 daAuts
     D:9: 676 daAuts
    D:10: 372 daAuts
  Temple: 175 daAuts
